 Dungeon Crawl Stone Soup version 0.24.0-1-gfbc8707 (webtiles) character file.

Game seed: 1999530869675596267, levelgen mode: deterministic

3263 Faca the Fighter (level 10, -3/87 HPs)
             Began as a Formicid Fighter on Nov 2, 2019.
             Was a Believer of Uskayaw.
             Splashed by a brown ugly thing's acid (7 damage)
             ... on level 8 of the Dungeon.
             The game lasted 00:17:29 (8852 turns).

Faca the Fighter (Formicid Fighter)                 Turns: 8852, Time: 00:17:30

Health: -3/87      AC: 12    Str: 29    XL:     10   Next: 19%
Magic:  10/10      EV:  5    Int:  8    God:    Uskayaw [**....]
Gold:   430        SH: 11    Dex: 10    Spells: 9/9 levels left

rFire    . . .     SeeInvis +   a - +1 long sword
rCold    . . .     Gourm    .   c - +1 shield
rNeg     . . .     Faith    .   n - +0 plate armour
rPois    .         Spirit   .   (helmet unavailable)
rElec    .         Reflect  .   x - +0 cloak
rCorr    .         Harm     .   (no gloves)
MR       +....                  (no boots)
Stlth    ..........             (no amulet)
HPRegen  0.24/turn              (no ring)
MPRegen  0.12/turn              (no ring)

@: mighty
A: permanent stasis, dig shafts and tunnels, four strong arms, antennae 3
a: Dig, Shaft Self, Stomp, Line Pass, Renounce Religion


You were on level 8 of the Dungeon.
You worshipped Uskayaw.
Uskayaw was noncommittal.
You were not hungry.

You visited 2 branches of the dungeon, and saw 9 of its levels.
You also visited: Sewer.

You collected 444 gold pieces.
You spent 14 gold pieces at shops.

Inventory:

Hand Weapons
 a - a +1 long sword (weapon)
 u - a +0 rapier
 C - a +0 great sword
Missiles
 g - 12 boomerangs (quivered)
Armour
 c - a +1 shield (worn)
 n - a +0 plate armour (worn)
 x - a +0 cloak (worn)
Jewellery
 q - an uncursed ring of ice
Wands
 p - a wand of acid (9)
 r - a wand of iceblast (9)
 t - a wand of clouds (4)
 v - a wand of flame (11)
 y - a wand of paralysis (4)
 B - a wand of enslavement (7)
Scrolls
 b - a scroll of fear
 e - 4 scrolls of remove curse
 h - 2 scrolls of magic mapping
 i - 2 scrolls of fog
 j - 3 scrolls of identify
 A - a scroll of enchant weapon
Potions
 k - 2 potions of mutation
 l - 2 potions of curing
 m - 2 potions of lignification
 o - 2 potions of brilliance
 s - a potion of ambrosia
 w - a potion of heal wounds
 z - a potion of invisibility
Comestibles
 f - 13 rations
 D - a chunk of flesh


   Skills:
 + Level 11.0 Fighting
 + Level 9.9 Long Blades
 + Level 3.3 Armour
 + Level 3.6 Shields


You had 9 spell levels left.
You didn't know any spells.
Your spell library contained the following spells:

 Spells                   Type           Power        Failure   Level  Hunger
 Animate Skeleton         Necr           N/A          100%        1    ##.....
 Apportation              Tloc           #.....       100%        1    ##.....
 Confusing Touch          Hex            #.....       100%        1    ##.....
 Shock                    Conj/Air       #...         100%        1    ##.....
 Summon Small Mammal      Summ           #...         100%        1    ##.....
 Swiftness                Chrm/Air       #.......     100%        2    ###....
 Static Discharge         Conj/Air       #.......     100%        3    ####...
 Airstrike                Air            #.........   100%        4    #####..
 Lightning Bolt           Conj/Air       #.........   100%        5    ######.


Dungeon Overview and Level Annotations

Branches:
Dungeon (8/15)             Temple (1/1) D:4           Sewer (visited)
   Lair: D:8-11

Altars:
Ashenzari
Cheibriados
Dithmenos
Elyvilon
Fedhas
Hepliaklqana
Kikubaaqudgha
Makhleb
Nemelex Xobeh
Okawaru
Ru
Sif Muna
Trog
Uskayaw
Vehumet
Wu Jian
Xom
Yredelemnul
Zin
The Shining One

Shops:
D:5 ?   D:6 ([(?

Annotations:
D:4 1 runed translucent door, edwardauron's ghost, amateur OgFi


Innate Abilities, Weirdness & Mutations

You cannot be hasted, slowed, berserked, paralysed or teleported.
You can dig through walls and to a lower floor.
Your four strong arms can wield two-handed weapons with a shield.
You have a pair of large antennae on your head. (SInv)


Message History

* * * LOW HITPOINT WARNING * * *
You closely miss the brown ugly thing.
The brown ugly thing tentacle-slaps you.
* * * LOW HITPOINT WARNING * * *
You are splashed with acid!
* * * LOW HITPOINT WARNING * * *
You slice the brown ugly thing!!
The brown ugly thing is heavily wounded.
The brown ugly thing tentacle-slaps you but does no damage.
You slash the brown ugly thing!
The brown ugly thing is severely wounded.
The brown ugly thing tentacle-slaps you but does no damage.
You can now pass through a line of other dancers.
Unknown command.
You hit the brown ugly thing.
The brown ugly thing is severely wounded.
The brown ugly thing tentacle-slaps you.
* * * LOW HITPOINT WARNING * * *
You are splashed with acid!
You die...

...........#
#..........#
#..........##
##..........#
##.......po#
##.....oop## ..#
########oo# #..
##u###### .. ##.@....##
#. ##........### #.
##...........## ##.
##.............# #..
#..............## ##..
##...............# #...
#.........?......# ##...
#................###....
##..............#....###


You could see a brown ugly thing, an orc warrior, 2 slaves, an orc priest and 3
orcs.

Vanquished Creatures
  Joseph (D:7)
  Sigmund (D:2)
  3 yaks (D:7)
  An orc warrior (D:6)
  2 ice beasts
  A black bear (D:6)
  2 centaurs (D:6)
  An ogre (D:2)
  8 big kobolds (Sewer)
  A gnoll sergeant (D:6)
  A scorpion (D:5)
  A howler monkey (D:5)
  A crimson imp (D:6)
  6 orc priests
  2 hounds (D:6)
  6 orc wizards
  3 jellies
  Jessica (D:2)
  An iguana (D:6)
  3 worker ants
  A hound skeleton (D:5)
  3 gnolls (D:6)
  11 adders
  3 river rats (Sewer)
  6 oozes
  An adder zombie (D:6)
  6 worms
  A dart slug (D:1)
  4 leopard geckos
  23 orcs
  2 giant cockroaches
  10 goblins
  7 hobgoblins
  7 jackals
  8 kobolds
  5 quokkas
  A ball python (Sewer)
  4 bats
  10 frilled lizards
  A jackal zombie (D:6)
  14 rats
174 creatures vanquished.

Vanquished Creatures (others)
  An orc wizard (D:6)
1 creature vanquished.

Grand Total: 175 creatures vanquished

Notes
Turn   | Place    | Note
-------+----------+-------------------------------------------
     0 | D:1      | Faca the Formicid Fighter began the quest for the Orb.
     0 | D:1      | Reached XP level 1. HP: 18/18 MP: 1/1
   198 | D:1      | Reached XP level 2. HP: 22/24 MP: 2/2
   735 | D:1      | Reached skill level 4 in Fighting
   735 | D:1      | Reached XP level 3. HP: 21/30 MP: 3/3
  1058 | D:2      | Reached XP level 4. HP: 31/37 MP: 4/4
  1212 | D:2      | Noticed Jessica
  1217 | D:2      | Killed Jessica
  1268 | D:2      | Reached XP level 5. HP: 8/43 MP: 5/5
  1880 | D:2      | Noticed Sigmund
  1886 | D:2      | Killed Sigmund
  1886 | D:2      | Reached skill level 5 in Fighting
  1886 | D:2      | Reached XP level 6. HP: 52/52 MP: 6/6
  1949 | D:2      | Noticed an ogre
  1958 | D:2      | Killed an ogre
  1958 | D:2      | Reached skill level 6 in Fighting
  1958 | D:2      | Reached skill level 5 in Long Blades
  2108 | D:3      | Reached XP level 7. HP: 58/58 MP: 7/7
  2131 | D:3      | Found a glowing drain.
  2159 | Sewer    | Entered a sewer
  2623 | Sewer    | Reached skill level 7 in Fighting
  2882 | Sewer    | Reached XP level 8. HP: 51/67 MP: 8/8
  3309 | D:3      | Reached skill level 8 in Fighting
  3695 | D:3      | Found a shimmering blue altar of Sif Muna.
  3929 | D:4      | Found a staircase to the Ecumenical Temple.
  3951 | Temple   | Entered the Ecumenical Temple
  4225 | D:4      | Found a runed translucent door.
  4225 | D:4      | Noticed edwardauron's ghost (amateur OgFi)
  4750 | D:5      | Entered Level 5 of the Dungeon
  4772 | D:5      | Found a bloodstained altar of Trog.
  4776 | D:5      | Found a basalt altar of Yredelemnul.
  4872 | D:5      | Found Xixukus's Magic Scroll Emporium.
  4875 | D:5      | Bought a scroll of noise for 14 gold pieces
  5084 | D:5      | Found a hide-covered altar of Uskayaw.
  5101 | D:5      | Reached XP level 9. HP: 65/75 MP: 9/9
  5207 | D:5      | Became a worshipper of Uskayaw the Reveler
  5371 | D:5      | Reached * piety under Uskayaw
  5405 | D:5      | Reached ** piety under Uskayaw
  5408 | D:5      | Reached skill level 9 in Fighting
  6054 | D:6      | Found Xurawuixt's Magic Scroll Shoppe.
  6088 | D:6      | Reached *** piety under Uskayaw
  6098 | D:6      | Reached **** piety under Uskayaw
  6126 | D:6      | Found a burning altar of Makhleb.
  6211 | D:6      | Found a glowing silver altar of Zin.
  6212 | D:6      | Noticed a blizzard demon
  6212 | D:6      | Noticed an angel
  6455 | D:6      | Found Ecsanupt's Antique Armour Boutique.
  6519 | D:6      | Found Voud Fotargh's Antique Weapon Emporium.
  6884 | D:6      | Reached skill level 10 in Fighting
  7171 | D:6      | Found Rulihiri's Weapon Emporium.
  7414 | D:7      | Noticed Joseph
  7436 | D:7      | Killed Joseph
  7436 | D:7      | Reached XP level 10. HP: 13/86 MP: 10/10
  7815 | D:7      | Found an iron altar of Okawaru.
  7975 | D:7      | Found a sparkling altar of Nemelex Xobeh.
  8036 | D:7      | Reached ***** piety under Uskayaw
  8038 | D:7      | Reached skill level 11 in Fighting
  8477 | D:7      | Found an ancient bone altar of Kikubaaqudgha.
  8803 | D:8      | Noticed a brown ugly thing
  8852 | D:8      | HP: 4/87 [brown ugly thing (3)]
  8852 | D:8      | Splashed by a brown ugly thing's acid

Levels and vault maps discovered:
D:1:      zelgadis_glass_arrival_small, layout_loops_ring
D:2:      layout_basic, uniq_sigmund, uniq_jessica
D:3:      layout_rooms, lemuel_round_altar, first_ration,
          cheibrodos_sewer_entry_drain
D:4:      layout_basic, minmay_temple_entry_crystal_x, ebering_ghost_inner_flame
D:5:      layout_loops_ring, lemuel_crystal_altar, grunt_temple_overflow_open,
          serial_shops, shop
D:6:      layout_basic, grunt_temple_overflow_order_and_chaos_2, serial_shops,
          nicolae_shop_waterfront, nicolae_shop_window_shopping,
          kennysheep_little_box, nicolae_shop_temple_entry_statues_fountains
D:7:      layout_loops_corners, lemuel_round_altar,
          nemelex_xobeh_ov_fountains_minmay, lemuel_crystal_altar, uniq_joseph
D:8:      layout_cave_pods, serial_shops, kennysheep_mini, basic_altar,
          uniq_maurice, uniq_pikel
Temple:   grunt_temple_mini_profane

Skill      XL: |  1  2  3  4  5  6  7  8  9 10 |
---------------+-------------------------------+-----
Fighting       | 4 5 6 7 8 10 11 | 11.0
Long Blades    | 3 4 5 6 7 9 |  9.9
Armour         | |  3.3
Shields        | |  3.6

Action                   |  1- 3 |  4- 6 |  7- 9 | 10-12 || total
-------------------------+-------+-------+-------+-------++-------
Melee: Long sword        |   101 |    72 |   562 |    43 ||   778
  Use: Scroll            |       |     7 |    12 |     1 ||    20
       Potion            |       |       |     3 |     1 ||     4
 Stab: Paralysed         |       |       |     6 |     1 ||     7
  Eat: Chunk             |     1 |     3 |    19 |     4 ||    27
Armor: Scale mail        |    45 |    26 |   117 |       ||   188
       Plate armour      |       |       |    84 |    11 ||    95
Dodge: Dodged            |    30 |    27 |   146 |     8 ||   211
Block: Shield            |    53 |    36 |   299 |    14 ||   402
       Rpst.: Long sword |    11 |     9 |    60 |     2 ||    82
